 Dungeon Crawl Stone Soup version 0.28.0 (webtiles) character file.

Game seed: 2009773806454698823

84 pkoi the Firebug (level 4, -3/33 HPs)
             Began as a Draconian Fire Elementalist on Feb 8, 2022.
             Slain by Duvessa (6 damage)
             ... on level 4 of the Dungeon.
             The game lasted 00:04:08 (2722 turns).

pkoi the Firebug (Draconian Fire Elementalist)      Turns: 2722, Time: 00:04:09

Health: -3/33      AC:  9    Str: 10    XL:     4   Next: 24%
Magic:  6/7        EV: 12    Int: 16    God:
Gold:   131        SH:  0    Dex: 12    Spells: 2/7 levels left

rFire   . . .      SeeInvis .   d - +0 hand crossbow
rCold   . . .      Faith    .   (no shield)
rNeg    + . .      Spirit   .   (armour unavailable)
rPois   +          Reflect  .   (helmet restricted)
rElec   .          Harm     .   m - +2 ratskin cloak {*Rats rPois rN+ Str-1 Int-1 Dex+1}
rCorr   +          Rampage  .   (no gloves)
Will    .....                   c - +0 pair of boots
Stlth   ++........              (no amulet)
HPRegen 0.11/turn               a - ring of resist corrosion
MPRegen 0.10/turn               (no ring)

@: attractive
A: AC +5, unfitting armour, cold-blooded
a: no special abilities


You were on level 4 of the Dungeon.
You visited 1 branch of the dungeon, and saw 4 of its levels.

You collected 131 gold pieces.

Inventory:

Hand Weapons
 d - a +0 hand crossbow (weapon)
 e - a +0 dagger
 f - a +0 short sword of draining
Missiles
 j - 20 bolts (quivered ammo)
Armour
 c - a +0 pair of boots (worn)
 m - the +2 ratskin cloak (worn) {*Rats rPois rN+ Str-1 Int-1 Dex+1}
   (You found it on level 3 of the Dungeon)

   When the wearer is hurt, rats may emerge from it to assist them.
   Str:       It affects your strength (-1).
   Int:       It affects your intelligence (-1).
   Dex:       It affects your dexterity (+1).
   rPois:     It protects you from poison.
   rN:        It protects you from negative energy.
Jewellery
 a - a ring of resist corrosion (left hand)
Scrolls
 i - a scroll of identify
 k - a scroll of magic mapping {unknown}
 l - a scroll of amnesia {unknown}
 o - a scroll of blinking {unknown}
 p - a scroll of immolation {unknown}
Potions
 g - a potion of degeneration
 h - a potion of invisibility {unknown}
 n - a potion of heal wounds {unknown}
 q - a potion of haste {unknown}


   Skills:
 - Level 1.7 Dodging
 - Level 1.7 Stealth
 + Level 2.0 Spellcasting
 + Level 2.9 Conjurations
 + Level 0.0 Translocations
 + Level 4.1 Fire Magic


You had 2 spell levels left.
You knew the following spells:

 Your Spells              Type           Power      Damage    Failure   Level
a - Foxfire               Conj/Fire      52%        2x1d6     4%          1
b - Conjure Flame         Conj/Fire      13%        6-21      14%         3
c - Apportation           Tloc           2%         N/A       21%         1

Your spell library contained the following spells:

 Spells                   Type           Power      Damage    Failure   Level
 Scorch                   Fire           28%        2d6       5%          2
 Animate Skeleton         Necr           2%         N/A       21%         1
 Summon Small Mammal      Summ           4%         N/A       21%         1
 Ensorcelled Hibernation  Hex/Ice        2%         N/A       30%         2
 Passwall                 Tmut/Erth      0%         N/A       30%         2
 Inner Flame              Hex/Fire       8%         N/A       26%         3
 Flame Wave               Conj/Fire      13%        2d6       43%         4
 Swiftness                Air            1%         N/A       52%         3


Dungeon Overview and Level Annotations

Branches:
Dungeon (4/15)
 Temple: D:4-7

Altars:
Nemelex Xobeh

Annotations:
D:4 Dowan, Duvessa


Innate Abilities, Weirdness & Mutations

Your plain brown scales are hard. (AC +5)
You cannot fit into any form of body armour.
You are cold-blooded and may be slowed by cold attacks.


Message History

Dowan shouts!
Duvessa says, "When magic and the sword combine, nothing stands against them."
Casting: Foxfire (safe; 4% risk of failure)
Confirm with . or Enter, or press ? or * to list all spells.
You miscast Foxfire.
You are very lightly contaminated with residual magic.
Nothing appears to happen.
Dowan points at Duvessa and mumbles some strange words.
Duvessa seems to speed up.
Casting: Foxfire (safe; 4% risk of failure)
Confirm with . or Enter, or press ? or * to list all spells.
You conjure some foxfire!
Dowan gestures wildly while chanting.
Dowan blinks!
Duvessa hits you but does no damage.
Unknown command.
The foxfire hits Duvessa but does no damage. x2
Unknown command.
Duvessa closely misses you.
Your magical contamination has completely faded away.
Duvessa says, "I don't care about looks, I care about technique!"
Duvessa hits you with a +4 rapier!
* * * LOW HITPOINT WARNING * * *
Dowan gestures wildly while chanting.
Dowan blinks!
Dowan casts a spell.
Dowan blinks!
Duvessa hits you with a +4 rapier.
* * * LOW HITPOINT WARNING * * *
Duvessa hits you with a +4 rapier.
* * * LOW HITPOINT WARNING * * *
Duvessa hits you with a +4 rapier!
* * * LOW HITPOINT WARNING * * *
As you read the scroll labelled FOOTWESMAUC, it crumbles to dust.
It is a scroll of identify.
g - a potion of degeneration Duvessa barely misses you.
Duvessa hits you with a +4 rapier.
* * * LOW HITPOINT WARNING * * *
It was a potion of attraction.
You feel attractive to monsters. Duvessa hits you with a +4 rapier.
You die...

#.. ..# #.# #.# #############
##.###.#### ...†........# #...
.....#
.....######.##########.†###..#
####.# #...............<....# #.#
#.##.########........####
####.####.##.########............
[..............e@.........>..#.##
####......###.###................
#########...##....).......#.##
#...#.##.###..#.##..#.##
#.#.#.##...:..#.....#...
#.#.#)##.##...#...#.#.## #
#......##...#.#.#.#.##
####.####...#.#.#.#... .#. #.#
#.....#...#.##


You could see Duvessa (fast).

Vanquished Creatures
  A jelly (D:4)
  An adder (D:3)
  2 orcs
  3 bats
  6 endoplasms
  3 giant cockroaches
  4 goblins
  3 hobgoblins
  6 quokkas
  7 ball pythons
  2 frilled lizards
  2 kobolds
  A rat (D:3)
41 creatures vanquished.

Vanquished Creatures (others)
  98 foxfires
98 creatures vanquished.

Grand Total: 139 creatures vanquished

Notes
Turn   | Place    | Note
-------+----------+-------------------------------------------
     0 | D:1      | pkoi the Draconian Fire Elementalist began the quest for
                  | the Orb.
     0 | D:1      | Reached XP level 1. HP: 14/14 MP: 3/3
   348 | D:1      | Reached XP level 2. HP: 20/20 MP: 3/5
  1086 | D:2      | Found a sparkling altar of Nemelex Xobeh.
  1466 | D:2      | Found a faded altar of an unknown god.
  1490 | D:3      | Reached XP level 3. HP: 24/26 MP: 2/6
  1893 | D:3      | Found the +2 ratskin cloak {*Rats rPois rN+ Str-1 Int-1
                  | Dex+1}
  2519 | D:4      | Reached skill level 4 in Fire Magic
  2519 | D:4      | Reached XP level 4. HP: 33/33 MP: 2/7
  2566 | D:4      | Learned a level 3 spell: Conjure Flame
  2568 | D:4      | Learned a level 1 spell: Apportation
  2705 | D:4      | Noticed Duvessa
  2705 | D:4      | Noticed Dowan
  2722 | D:4      | Slain by Duvessa

Illustrated notes

Levels and vault maps discovered:
D:1:      nzn_arrival_depleted_hourglass, layout_rooms, grunt_decor_cap
D:2:      layout_loops_ring, basic_altar,
          shapermc_ecumenical_altar_mp_urbaneastern
D:3:      layout_loops_ring, minmay_crystal_water
D:4:      layout_basic, serial_glass, glass_columns_a, glass_columns_b,
          nicolae_zen_rock_garden, uniq_eustachio, uniq_duvessa,
          uniq_blork_the_orc

Skill      XL: |  1  2  3 |
---------------+----------+-----
Conjurations   | 2 |  2.9
Fire Magic     | 4 |  4.1
Dodging        | |  1.7
Stealth        | |  1.7
Spellcasting   | |  2.0

Action                   |  1- 3 |  4- 6 || total
-------------------------+-------+-------++-------
Melee: Short sword       |    14 |       ||    14
       Tailslap          |     2 |       ||     2
       Dagger            |     1 |       ||     1
 Fire: Hand crossbow     |     7 |     4 ||    11
 Cast: Foxfire           |    54 |     4 ||    58
  Use: Scroll            |       |     1 ||     1
       Potion            |       |     1 ||     1
Armor: Skin              |    10 |     2 ||    12
Dodge: Dodged            |    25 |     5 ||    30
